 Dungeon Crawl Stone Soup version 0.30-a0-778-g2ef04afb54 (webtiles) character file.

Game seed: 16272226203483602755

48 sircluck the Sneak (level 3, 0/18 HPs)
             Began as a Spriggan Brigand on Feb 15, 2023.
             Constricted to death by Crazy Yiuf (5 damage)
             ... on level 2 of the Dungeon.
             The game lasted 00:01:31 (1630 turns).

sircluck the Sneak (Spriggan Brigand)               Turns: 1630, Time: 00:01:32

Health: 0/18       AC:  3    Str:  7    XL:     3   Next: 50%
Magic:  0/4        EV: 14    Int: 12    God:
Gold:   73         SH:  0    Dex: 18    Spells: 2/2 levels left

rFire   . . .      SeeInvis +    a - +2 dagger
rCold   . . .      Faith    .    (no shield)
rNeg    . . .      Spirit   .    b - +0 robe
rPois   .          Reflect  .    (helmet restricted)
rElec   .          Harm     .    c - +0 cloak
rCorr   .          Rampage  .    (gloves unavailable)
Will    .....                    (boots unavailable)
Stlth   ++++                     (no amulet)
HPRegen 0.23/turn                (no ring)
MPRegen 0.09/turn                (no ring)

@: grasped by roots, constricted, very quick
A: very small, no large weapons, unfitting armour, see invisible, speed 3
a: no special abilities


You were on level 2 of the Dungeon.
You visited 1 branch of the dungeon, and saw 2 of its levels.

You collected 73 gold pieces.

Inventory:

Hand Weapons
 a - a +2 dagger (weapon)
Missiles
 d - 9 poisoned darts (quivered)
 e - 6 curare-tipped darts
 g - 8 stones
Armour
 b - a +0 robe (worn)
 c - a +0 cloak (worn)
Jewellery
 j - an amulet of faith
 m - an amulet of guardian spirit
Scrolls
 f - 4 scrolls of identify {unknown}
 l - a scroll of torment {unknown}
Potions
 h - a potion of cancellation {unknown}
 i - a potion of mutation {unknown}
 k - 2 potions of heal wounds {unknown}
 n - a potion of brilliance {unknown}


   Skills:
 + Level 1.9 Fighting
 + Level 2.3 Short Blades
 + Level 2.2 Throwing
 + Level 1.7 Dodging
 + Level 7.3 Stealth


You had 2 spell levels left.
You didn't know any spells.
Your spell library contained the following spells:

 Spells                   Type           Power      Damage    Failure   Level
 Chain Lightning          Conj/Air       0%         N/A       100%        9
 Fire Storm               Conj/Fire      0%         5d1       100%        9
 Shatter                  Erth           0%         3d5*      100%        9


Dungeon Overview and Level Annotations

Branches:
Dungeon (2/15)

Altars:
Gozag

Annotations:
D:2 Crazy Yiuf


Innate Abilities, Weirdness & Mutations

You are very small and have problems with some larger weapons.
You are too small for most types of armour.
You have supernaturally acute eyesight. (SInv)
You cover ground extremely quickly. (Speed+++)


Message History

The adder is almost dead.
The adder misses you.
You closely miss the adder.
The adder is almost dead.
The adder barely misses you.
You hit the adder but do no damage.
The adder is almost dead.
The adder closely misses you.
You hit the adder.
You kill the adder!
No target in view!
No target in view!
You see here an adder corpse.
As you open the door, it creaks loudly!
There is an open door here.
There is an open door here.
Found a stone staircase leading up.
There is a stone staircase leading down here.
You see here a rat skeleton.
Could not explore, unopened runed door.
Could not explore, unopened runed door.
Could not explore, unopened runed door.
You open the door.
There is an open translucent door here.
Crazy Yiuf shouts!
Crazy Yiuf zaps a wand.
The roots erupt in riotous growth!
The grasping roots grab you! The grasping roots constrict you.
You escape the roots grasp.
You closely miss Crazy Yiuf.
Crazy Yiuf zaps a wand.
The roots erupt in riotous growth!
The grasping roots grab you!
Crazy Yiuf is unaffected.
The grasping roots constrict you.
You closely miss Crazy Yiuf.
Crazy Yiuf says, "I'm not crazy!"
Crazy Yiuf hits you with a +3 quarterstaff of chaos!
* * * LOW HITPOINT WARNING * * *
You feel your power leaking away. The grasping roots constrict you.
You die...

######## #########
##....#.########
#...)...#
##......#..##..g#
#.......#
#......####.'.@.#
#.......# #.....##
###..)# ##......#
#.##### #####
#......##### #..#
#........... ##.#
#...........
#.##############
#####.......
#..............#
#.......
##.............#
#.......
##............#####
#.......


You could see Crazy Yiuf.

Vanquished Creatures
  An adder (D:2)
  A dart slug (D:1)
  4 ball pythons
  A bat (D:2)
  5 endoplasms
  2 giant cockroaches (D:2)
  3 goblins
  3 hobgoblins
  5 jackals
  A kobold (D:2)
  2 quokkas (D:1)
  A frilled lizard (D:1)
  2 rats (D:2)
31 creatures vanquished.

Notes
Turn   | Place    | Note
-------+----------+-------------------------------------------
     0 | D:1      | sircluck the Spriggan Brigand began the quest for the Orb.
     0 | D:1      | Reached XP level 1. HP: 10/10 MP: 2/2
   245 | D:1      | Reached skill level 6 in Stealth
   457 | D:1      | Reached XP level 2. HP: 4/15 MP: 3/3
  1107 | D:2      | Reached skill level 7 in Stealth
  1117 | D:2      | Reached XP level 3. HP: 18/18 MP: 4/4
  1135 | D:2      | Found an opulent altar of Gozag.
  1167 | D:2      | Found a runed translucent door.
  1168 | D:2      | Noticed Crazy Yiuf
  1630 | D:2      | Constricted to death by Crazy Yiuf

Illustrated notes

Levels and vault maps discovered:
D:1:      saegor_arrival_fortress, layout_loops_corners
D:2:      layout_basic, serial_glass, glass_columns_b, glass_columns_a,
          basic_altar, st_stairs_4, uniq_crazy_yiuf_cottage

Skill      XL: |  1  2 |
---------------+-------+-----
Stealth        | 6 7 |  7.3
Fighting       | |  1.9
Short Blades   | |  2.3
Throwing       | |  2.2
Dodging        | |  1.7

Action                     || total
---------------------------++-------
  Melee: Dagger            ||    95
   Stab: Sleeping          ||    14
 Armour: Robe              ||    11
  Dodge: Dodged            ||    59

Table legend: (Time is in decaauts)
 A = Elapsed time spent in this place.
 B = Non-inter-level travel time spent in this place.
 C = Inter-level travel time spent in this place.
 D = Time resting spent in this place.
 E = Time spent auto-exploring this place.
 F = Levels seen in this place.
 G = Mean time per level.
                   A        B        C        D        E       F      G
               +--------+--------+--------+--------+--------+-----+--------+
         Total |   1064 |   1064 |      0 |      0 |    870 |   2 |  532.0 |
       Dungeon |   1064 |   1064 |      0 |      0 |    870 |   2 |  532.0 |
               +--------+--------+--------+--------+--------+-----+--------+

Top non-repeatable levels by time:
     D:1: 670 daAuts
     D:2: 394 daAuts
